 Dungeon Crawl Stone Soup version 0.29-a0-243-g602b31c20e (webtiles) character file.

Game seed: 941433188387559689

34 Crownlay the Chopper (level 3, -11/31 HPs)
             Began as a Hill Orc Fighter on Mar 4, 2022.
             Mangled by an ogre
             ... wielding a +0 giant club
              (15 damage)
             ... on level 2 of the Dungeon.
             The game lasted 00:00:57 (1283 turns).

Crownlay the Chopper (Hill Orc Fighter)             Turns: 1283, Time: 00:00:58

Health: -11/31     AC:  6    Str: 20    XL:     3   Next: 31%
Magic:  3/3        EV:  9    Int:  8    God:
Gold:   25         SH:  4    Dex: 10    Spells: 2/2 levels left

rFire   . . .      SeeInvis .   a - +0 war axe
rCold   . . .      Faith    .   c - +0 buckler
rNeg    . . .      Spirit   .   b - +0 scale mail
rPois   .          Reflect  .   (no helmet)
rElec   .          Harm     .   (no cloak)
rCorr   .          Rampage  .   (no gloves)
Will    .....                   (no boots)
Stlth   ..........              (no amulet)
HPRegen 0.10/turn               (no ring)
MPRegen 0.08/turn               (no ring)

@: mighty
A: no striking features
a: no special abilities


You were on level 2 of the Dungeon.
You visited 1 branch of the dungeon, and saw 2 of its levels.

You collected 25 gold pieces.

Inventory:

Hand Weapons
 a - a +0 war axe (weapon)
Armour
 b - a +0 scale mail (worn)
 c - a +0 buckler (worn)
Jewellery
 f - a ring of protection from cold
Scrolls
 e - a scroll of blinking {unknown}
 g - a scroll of fear {unknown}
 h - a scroll of acquirement {unknown}


   Skills:
 - Level 3.6 Fighting
 * Level 4.9 Axes
 - Level 3.2 Armour
 - Level 3.2 Shields


You had 2 spell levels left.
You didn't know any spells.
Your spell library contained the following spells:

 Spells                   Type           Power      Damage    Failure   Level
 Call Canine Familiar     Summ           0%         N/A       99%         3
 Portal Projectile        Hex/Tloc       0%         N/A       99%         3
 Leda's Liquefaction      Hex/Erth       0%         N/A       100%        4


Dungeon Overview and Level Annotations

Branches:
Dungeon (2/15)

Altars:


Message History

You hit the bat.
You kill the bat!
No target in view!
You see here a bat corpse.
An ogre comes into view. It is wielding a +0 giant club.
The ogre shouts!
An ogre is nearby!
An ogre is nearby!
There is a stone staircase leading down here.
You feel very mighty all of a sudden.
A kobold comes into view. It is wielding a +0 dagger of speed.
The ogre hits you with a +0 giant club!!
Ouch! That really hurt!
You hit the ogre.
The ogre is moderately wounded.
The ogre barely misses you.
You barely miss the ogre.
The ogre is moderately wounded.
The ogre hits you with a +0 giant club!
* * * LOW HITPOINT WARNING * * *
You hit the ogre.
The ogre is moderately wounded.
The ogre closely misses you. You block the kobold's attack.
You slash the ogre!
The ogre is severely wounded.
You closely miss the kobold. You block the ogre's attack.
The kobold hits you but does no damage.
The kobold hits you with a +0 dagger of speed.
* * * LOW HITPOINT WARNING * * *
You barely miss the ogre.
The ogre is severely wounded.
You barely miss the kobold. The ogre barely misses you.
The kobold hits you but does no damage.
You hit the ogre.
The ogre is almost dead.
You barely miss the kobold.
The kobold hits you with a +0 dagger of speed.
* * * LOW HITPOINT WARNING * * *
The ogre hits you with a +0 giant club!
You die...

.. . .# #.#.
.## #
#...#.#. ##.
..#...
#..##....#
#......#
#...KO.##
#....@..#
#.....#......
#....># #....
#.....# ...
##†...# .
##...#.#
#<.#.#.#
#...##.#.#
#..#...#.#


You could see an ogre and a kobold.

Vanquished Creatures
  5 ball pythons (D:1)
  4 endoplasms (D:1)
  A giant cockroach (D:1)
  3 goblins (D:1)
  A hobgoblin (D:1)
  2 quokkas (D:1)
  4 bats
  3 frilled lizards (D:1)
  4 kobolds (D:1)
  3 rats (D:1)
30 creatures vanquished.

Notes
Turn   | Place    | Note
-------+----------+-------------------------------------------
     0 | D:1      | Crownlay the Hill Orc Fighter began the quest for the Orb.
     0 | D:1      | Reached XP level 1. HP: 19/19 MP: 1/1
    43 | D:1      | Reached skill level 3 in Axes
    98 | D:1      | Reached XP level 2. HP: 5/26 MP: 2/2
   170 | D:1      | Reached skill level 4 in Axes
   695 | D:1      | Reached XP level 3. HP: 28/31 MP: 3/3
  1273 | D:2      | Noticed an ogre
  1283 | D:2      | Mangled by an ogre

Illustrated notes

Levels and vault maps discovered:
D:1:      sevenhm_arrival_forest_fort_small_3, layout_basic,
          minmay_misc_feat_chi, minmay_strange_pillars
D:2:      layout_rooms

Skill      XL: |  1  2 |
---------------+-------+-----
Axes           | 3 4 |  4.9
Fighting       | |  3.6
Armour         | |  3.2
Shields        | |  3.2

Action                   || total
-------------------------++-------
Melee: War axe           ||    75
  Use: Potion            ||     1
Armor: Scale mail        ||    39
Dodge: Dodged            ||    36
Block: Buckler           ||    18

Table legend: (Time is in decaauts)
 A = Elapsed time spent in this place.
 B = Non-inter-level travel time spent in this place.
 C = Inter-level travel time spent in this place.
 D = Time resting spent in this place.
 E = Time spent auto-exploring this place.
 F = Levels seen in this place.
 G = Mean time per level.
                   A        B        C        D        E       F      G
               +--------+--------+--------+--------+--------+-----+--------+
         Total |   1307 |   1290 |     17 |      0 |   1107 |   2 |  653.5 |
       Dungeon |   1307 |   1290 |     17 |      0 |   1107 |   2 |  653.5 |
               +--------+--------+--------+--------+--------+-----+--------+

Top non-repeatable levels by time:
     D:1: 1286 daAuts
     D:2: 20 daAuts
